 Dungeon Crawl Stone Soup version 0.24-a0-441-g27f0392e16 (webtiles) character file.

Game seed: 1175797388416282614

77 Gynju the Shooter (level 4, -4/35 HPs)
             Began as a Centaur Arcane Marksman on June 19, 2019.
             Slain by a scorpion (8 damage)
             ... on level 3 of the Dungeon.
             The game lasted 00:04:02 (2720 turns).

Gynju the Shooter (Centaur Arcane Marksman)         Turns: 2720, Time: 00:04:03

Health: -4/35      AC:  4    Str: 13    XL:     4   Next: 13%
Magic:  5/5        EV:  9    Int: 12    God:
Gold:   63         SH:  0    Dex: 10    Spells: 4/5 levels left

rFire    . . .     SeeInvis .     - Unarmed
rCold    . . .     Gourm    .   (no shield)
rNeg     . . .     Faith    .   b - +0 leather armour
rPois    .         Spirit   .   (no helmet)
rElec    .         Reflect  .   (no cloak)
rCorr    .         Harm     .   (no gloves)
MR       .....                  (no barding)
Stlth    ..........             (no amulet)
HPRegen  0.11/turn              (no ring)
MPRegen  0.09/turn              (no ring)

@: lethally poisoned (-4 -> -28), very quick
A: large, hooves 3, deformed body, speed 2, tough skin 3
a: no special abilities


You were on level 3 of the Dungeon.
You were not hungry.

You visited 1 branch of the dungeon, and saw 3 of its levels.

You collected 63 gold pieces.

Inventory:

Hand Weapons
 a - a +0 shortbow
Missiles
 d - 43 arrows
Armour
 b - a +0 leather armour (worn)
Jewellery
 h - a +4 ring of evasion {unknown}
 q - an uncursed ring of wizardry {unknown}
Scrolls
 c - a scroll of enchant armour {unknown}
 e - 4 scrolls of identify {unknown}
 j - a scroll of remove curse {unknown}
 k - 2 scrolls of teleportation {unknown}
 n - a scroll of fog {unknown}
 o - a scroll of immolation {unknown}
Potions
 g - a potion of curing {unknown}
 i - a potion of haste {unknown}
 l - a potion of might {unknown}
 p - 2 potions of heal wounds {unknown}
Comestibles
 f - 4 rations
 m - 3 chunks of flesh


   Skills:
 - Level 1.0 Fighting
 + Level 4.6 Bows
 - Level 1.3 Dodging
 + Level 2.5 Unarmed Combat
 - Level 1.0 Spellcasting
 - Level 2.6 Hexes


You had 4 spell levels left.
You knew the following spells:

 Your Spells              Type           Power        Failure   Level  Hunger
a - Corona                Hex            #......      13%         1    ##.....

Your spell library contained the following spells:

 Spells                   Type           Power        Failure   Level  Hunger
 Slow                     Hex            #.......     19%         2    ###....
 Inner Flame              Hex/Fire       #.......     54%         3    ####...
 Portal Projectile        Hex/Tloc       #.....       54%         3    ####...
 Cause Fear               Hex            #.........   77%         4    #####..
 Leda's Liquefaction      Hex/Erth       #.........   91%         4    #####..


Dungeon Overview and Level Annotations

Branches:
Dungeon (3/15)

Altars:


Innate Abilities, Weirdness & Mutations

You have hooves in place of feet.
Armour fits poorly on your strangely shaped body.
You cover ground very quickly.
You have extremely tough skin. (AC +3)


Message History

The scorpion is moderately wounded.
You feel sick. The scorpion barely misses you.
You hit the scorpion but do no damage. You kick the scorpion.
The scorpion is severely wounded.
You feel sick. The scorpion barely misses you.
You hit the scorpion.
The scorpion is severely wounded.
You feel sick. The scorpion stings you.
You are more poisoned.
The scorpion poisons you!
You barely miss the scorpion.
You punch the scorpion, but do no damage.
The scorpion is severely wounded.
You feel sick. The scorpion stings you!
* * * LOW HITPOINT WARNING * * *
You hit the scorpion but do no damage.
The scorpion is severely wounded.
* * * LOW HITPOINT WARNING * * *
You feel sick. The scorpion stings you!
You die...

##........#.........
#.........#.........
##.........#.......##
#..........#.##......
#....................
#.....>..............
#......#####....##...
#.......####....##...
#...@............#...
####s............#...
#.............#...
#............ #...
#........ ####
#(....... #....##..
.(...# ..


You could see a scorpion.

Vanquished Creatures
  An adder (D:2)
  An ooze (D:1)
  A dart slug (D:1)
  A leopard gecko (D:2)
  An orc (D:3)
  2 ball pythons
  5 giant cockroaches
  11 goblins
  5 hobgoblins
  7 jackals
  6 kobolds (D:1)
  5 bats
  A frilled lizard (D:1)
  2 rats
49 creatures vanquished.

Notes
Turn   | Place    | Note
-------+----------+-------------------------------------------
     0 | D:1      | Gynju the Centaur Arcane Marksman began the quest for the
                  | Orb.
     0 | D:1      | Reached XP level 1. HP: 16/16 MP: 2/2
    54 | D:1      | Reached skill level 3 in Bows
   353 | D:1      | Reached skill level 1 in Unarmed Combat
   353 | D:1      | Reached XP level 2. HP: 9/23 MP: 3/3
   876 | D:1      | Reached XP level 3. HP: 12/28 MP: 4/4
  1101 | D:1      | Reached skill level 4 in Bows
  1798 | D:2      | Reached XP level 4. HP: 12/35 MP: 5/5
  2720 | D:3      | Slain by a scorpion

Levels and vault maps discovered:
D:1:      erik_arrival_triangle_medium, layout_basic
D:2:      layout_loops_ring
D:3:      layout_basic, first_ration

Skill      XL: |  1  2  3 |
---------------+----------+-----
Bows           | 3 4 |  4.6
Unarmed Combat | 1 2 |  2.5
Fighting       | |  1.0
Dodging        | |  1.3
Spellcasting   | |  1.0
Hexes          | |  2.6

Action                   |  1- 3 |  4- 6 || total
-------------------------+-------+-------++-------
Melee: Unarmed           |   176 |    30 ||   206
       Kick              |    30 |     5 ||    35
       Punch             |       |     1 ||     1
 Fire: Shortbow          |     2 |     4 ||     6
  Eat: Chunk             |     2 |     3 ||     5
Armor: Robe              |    20 |       ||    20
       Leather armour    |    49 |     3 ||    52
Dodge: Dodged            |    98 |    10 ||   108

Table legend:
 A = Non-vault XP
 B = Vault XP
 C = Vault XP percentage of total XP
 D = Non-vault monster count
 E = Vault monster count
 F = Vault count percentage of total count
                 A         B        C        D         E       F
            +---------+---------+-------+---------+---------+-------
      Total |     110 |       0 |   0.0 |      49 |       0 |   0.0
            +---------+---------+-------+---------+---------+-------
        D:1 |      66 |       0 |   0.0 |      33 |       0 |   0.0
        D:2 |      39 |       0 |   0.0 |      14 |       0 |   0.0
        D:3 |       5 |       0 |   0.0 |       2 |       0 |   0.0
            +---------+---------+-------+---------+---------+-------
